 Dungeon Crawl Stone Soup version 0.30-a0-996-ga6910c8ee8 (webtiles) character file.

Game seed: 13023012117437064867

214 xian the Gusty (level 5, -5/31 HPs)
             Began as an Octopode Air Elementalist on Apr 4, 2023.
             Slain by Sigmund
             ... wielding a +2 scythe of flaming
              (12 damage)
             ... on level 3 of the Dungeon.
             The game lasted 00:07:17 (3161 turns).

xian the Gusty (Octopode Air Elementalist)          Turns: 3161, Time: 00:07:17

Health: -5/31      AC:  1    Str:  7    XL:     5   Next: 92%
Magic:  8/10       EV: 13    Int: 20    God:
Gold:   212        SH:  0    Dex: 12    Spells: 8/11 levels left

rFire   . . .      SeeInvis .    g - +5 mace of Hell's Wrath {heavy, +Blink rC+}
rCold   + . .      Faith    .    (no shield)
rNeg    . . .      Spirit   .    (helmet restricted)
rPois   .          Reflect  .    (no amulet)
rElec   .          Rampage  .    i - ring of resist corrosion
rCorr   +                        (no ring)
Will    .....                    (no ring)
Stlth   +++                      (no ring)
HPRegen 0.25/turn                (no ring)
MPRegen 0.12/turn                (no ring)
                                 (no ring)
                                 (no ring)

@: no status effects
A: almost no armour, amphibious, 8 rings, camouflage 1, gelatinous body 1,
(nimble swimmer 1), tentacles
a: Evoke Blink


You were on level 3 of the Dungeon.
You visited 1 branch of the dungeon, and saw 3 of its levels.
You also visited: Sewer.

You collected 212 gold pieces.

Inventory:

Hand Weapons
 g - the +5 mace of Hell's Wrath (weapon) {heavy, +Blink rC+}
   (You found it in a sewer)

   rC:        It protects you from cold.
   +Blink:    It lets you blink.
 l - a +4 dagger
Armour
 q - an orb of mayhem
Jewellery
 i - a ring of resist corrosion (left tentacle)
Wands
 d - a wand of flame (16)
 n - a wand of acid (4)
Scrolls
 b - 2 scrolls of torment
 h - a scroll of teleportation
 k - 2 scrolls of enchant armour
Potions
 a - a potion of magic
 c - a potion of cancellation
 e - a potion of haste
 f - a potion of invisibility {unknown}


   Skills:
 + Level 0.1 Fighting
 + Level 2.4 Dodging
 + Level 3.7 Stealth
 + Level 3.6 Spellcasting
 + Level 2.0 Conjurations
 + Level 4.3 Air Magic


You had 8 spell levels left.
You knew the following spells:

 Your Spells              Type           Power      Damage    Failure   Level
a - Shock                 Conj/Air       64%        1d7       3%          1
b - Static Discharge      Conj/Air       32%        2-4/arc   5%          2

Your spell library contained the following spells:

 Spells                   Type           Power      Damage    Failure   Level
 Swiftness                Air            21%        N/A       7%          3
 Vhi's Electric Charge    Tloc/Air       24%        N/A       16%         3
 Airstrike                Air            10%        2d(2-18)  22%         4
 Arcjolt                  Conj/Air       8%         1d18      69%         5
 Maxwell's Capacitive Co  Air            10%        ∞         100%        8


Dungeon Overview and Level Annotations

Branches:
Dungeon (3/15)              Sewer (visited)

Altars:

Annotations:
D:3 Sigmund


Innate Abilities, Weirdness & Mutations

You cannot wear most types of armour.
You are amphibious.
You can wear up to eight rings at the same time.
Your skin changes colour to match your surroundings (Stealth+).
Your rubbery body absorbs attacks. (AC +1, EV +1)
((You are camouflaged when in or above water. (Stealth+)))
You have tentacles for arms and can constrict up to eight enemies at once.


Message History

You kill the kobold!
You can't see any susceptible monsters within range! (Use Z to cast anyway.)
You can't see any susceptible monsters within range! (Use Z to cast anyway.) Magic restored.
Things that are here:
a +0 dagger; 3 stones; a kobold corpse
There is an open door here.
b - 2 scrolls of torment (gained 1)
Found a stone staircase leading up.
Sigmund the Dreaded comes into view.
He is wielding a +2 scythe of flaming and carrying a wand of roots (6).
The helpless Sigmund fails to defend himself.
You sock Sigmund! You grab Sigmund.
Sigmund is moderately wounded.
You constrict Sigmund, but do no damage.
Sigmund hits you with a +2 scythe of flaming!
Sigmund burns you.
Casting: Shock (safe; 3% risk of failure)
Confirm with . or Enter, or press ? or * to list all spells.
Sigmund is struck by an arc of lightning.
Sigmund is moderately wounded.
You are struck by an arc of lightning.
The lightning grounds out.
You constrict Sigmund, but do no damage.
Sigmund hits you with a +2 scythe of flaming.
Sigmund burns you.
You sock Sigmund!
Sigmund is severely wounded.
You constrict Sigmund.
Sigmund zaps a wand.
The roots erupt in riotous growth!
The grasping roots grab you!
Sigmund is unaffected.
The grasping roots constrict you.
Sigmund mumbles some strange words.
Sigmund flickers and vanishes!
Deactivating autopickup; reactivate with Ctrl-A.
You are constricted.
* * * LOW HITPOINT WARNING * * *
The grasping roots release their grip on you.
Casting: Static Discharge (safe; 5% risk of failure)
Confirm with . or Enter, or press ? or * to list all spells.
You don't know that spell.
You release your grip on something.
Something hits you!
You die...

*,*,,,,,,,,##...............
*,*,,,,,,,,#.......##8###8##
*,*,,,,,,,,#....<...#######
*,******+**#...........#####
*,* *,* #...........#...#
*,* ##,* ##.##########...#
*,* #..####.# #.... *,*
#....{..#####****##... *,*
#.#..@........,,,*#... *,*
*,#.######....,,,*###' *,*
*,#,* *,...,,,###..
*,*****,*,* *,**.,,*#.#..
*,,,,,,,*,* ***8,,,8#.#..
************** ****,,,*#.#..
*,,,,***8***8**,,,*#.##'
*,*****,,,,,,,,,,,*#....
*,,,,*8,,,,,,,,,,,8#.##.


There were no monsters in sight!

Vanquished Creatures
  A water moccasin (Sewer)
  5 adders
  A river rat (D:3)
  7 bats
  7 endoplasms
  3 giant cockroaches
  4 goblins
  6 hobgoblins
  2 jackals (D:1)
  5 kobolds
  2 quokkas
  7 ball pythons
  A frilled lizard (D:2)
  6 rats
57 creatures vanquished.

Notes
Turn   | Place    | Note
-------+----------+-------------------------------------------
     0 | D:1      | xian the Octopode Air Elementalist began the quest for the
                  | Orb.
     0 | D:1      | Reached XP level 1. HP: 11/11 MP: 3/3
   262 | D:1      | Reached XP level 2. HP: 16/17 MP: 0/5
   339 | D:1      | Learned a level 2 spell: Static Discharge
  1181 | D:2      | Reached XP level 3. HP: 19/21 MP: 0/6
  1947 | D:2      | Reached XP level 4. HP: 27/27 MP: 5/7
  2619 | D:3      | Found a glowing drain.
  2624 | Sewer    | Entered a sewer
  2627 | Sewer    | Reached skill level 4 in Air Magic
  2724 | Sewer    | Noticed a water moccasin
  2753 | Sewer    | HP: 1/27 [water moccasin (6)]
  2755 | Sewer    | Killed a water moccasin
  2756 | Sewer    | Reached XP level 5. HP: 12/31 MP: 1/10
  2766 | Sewer    | Identified the +5 mace of Hell's Wrath {heavy, +Blink rC+}
  3156 | D:3      | Noticed Sigmund
  3161 | D:3      | Slain by Sigmund

Illustrated notes

Levels and vault maps discovered:
D:1:      dpeg_arrival_orchard, layout_basic, chequers_jeans
D:2:      kennysheep_big_flooded_room, layout_loops_ring, minmay_pentomino_w4
D:3:      minmay_goblin_kobold_castle, layout_basic, serial_corexii_hall,
          corexii_hall_statues_s, chequers_hall_statues_corner_a,
          corexii_hall_statues_l, gup_sewer_entry_bowl, lightli_corner_chamber,
          uniq_sigmund

Skill      XL: |  1  2  3  4 |
---------------+-------------+-----
Stealth        | 3 |  3.7
Spellcasting   | 3 |  3.6
Air Magic      | 4 |  4.3
Conjurations   | 2 |  2.0
Fighting       | |  0.1
Dodging        | |  2.4

Action                     |  1- 3 |  4- 6 || total
---------------------------+-------+-------++-------
  Melee: Unarmed           |     6 |       ||     6
         Short sword       |     5 |       ||     5
         Constrict         |     2 |     4 ||     6
         Tentacles         |     2 |     1 ||     3
         Dagger            |     4 |     5 ||     9
         Mace              |       |     6 ||     6
   Cast: Shock             |    69 |    34 ||   103
         Static Discharge  |     2 |     7 ||     9
    Use: Scroll            |       |     9 ||     9
         Potion            |       |     2 ||     2
   Stab: Sleeping          |       |     1 ||     1
 Armour: Skin              |     1 |     6 ||     7
  Dodge: Dodged            |    16 |    16 ||    32

Table legend: (Time is in decaauts)
 A = Elapsed time spent in this place.
 B = Non-inter-level travel time spent in this place.
 C = Inter-level travel time spent in this place.
 D = Time resting spent in this place.
 E = Time spent auto-exploring this place.
 F = Levels seen in this place.
 G = Mean time per level.
                   A        B        C        D        E       F      G
               +--------+--------+--------+--------+--------+-----+--------+
         Total |   3164 |   3088 |     76 |      5 |   2625 |   4 |  791.0 |
       Dungeon |   2939 |   2863 |     76 |      0 |   2488 |   3 |  979.7 |
         Sewer |    225 |    225 |      0 |      5 |    137 |   1 |  225.0 |
               +--------+--------+--------+--------+--------+-----+--------+

Top non-repeatable levels by time:
     D:2: 1293 daAuts
     D:1: 1139 daAuts
     D:3: 507 daAuts
   Sewer: 225 daAuts
